 Dungeon Crawl Stone Soup version 0.29-a0-451-gfbfa42419e (webtiles) character file.

Game seed: 9897623136142151960

105 acebull12 the Sneak (level 5, -1/32 HPs)
             Began as a Kobold Brigand on May 19, 2022.
             Killed from afar by Edmund (11 damage)
             ... with a puff of flame
             ... on level 6 of the Dungeon.
             The game lasted 00:03:02 (2696 turns).

acebull12 the Sneak (Kobold Brigand)                Turns: 2696, Time: 00:03:03

Health: -1/32      AC:  3    Str: 16    XL:     5   Next: 8%
Magic:  5/5        EV: 14    Int: 13    God:
Gold:   127        SH:  0    Dex: 16    Spells: 4/4 levels left

rFire   . . .      SeeInvis .   a - +2 dagger
rCold   . . .      Faith    .   (no shield)
rNeg    . . .      Spirit   .   b - +0 robe
rPois   .          Reflect  .   (no helmet)
rElec   .          Harm     .   c - +0 cloak
rCorr   .          Rampage  .   (no gloves)
Will    .....                   (no boots)
Stlth   +++++.....              (no amulet)
HPRegen 0.10/turn               k - ring of flight
MPRegen 0.09/turn               q - +6 ring of strength

@: flying
A: small, no large weapons, nightstalker 3
a: no special abilities


You were on level 6 of the Dungeon.
You visited 1 branch of the dungeon, and saw 4 of its levels.

You collected 127 gold pieces.

Inventory:

Hand Weapons
 a - a +2 dagger (weapon)
Missiles
 d - 9 poisoned darts (quivered)
 e - 3 curare-tipped darts
Armour
 b - a +0 robe (worn)
 c - a +0 cloak (worn)
Jewellery
 k - a ring of flight (left hand)
 n - a ring of positive energy
 q - a +6 ring of strength (right hand)
Scrolls
 g - 3 scrolls of teleportation {unknown}
 j - a scroll of poison {unknown}
 o - 3 scrolls of identify {unknown}
 s - a scroll of magic mapping {unknown}
Potions
 f - a potion of flight {unknown}
 h - a potion of mutation {unknown}
 i - a potion of lignification {unknown}
 l - 4 potions of curing {unknown}
 m - a potion of berserk rage {unknown}
 p - 2 potions of haste {unknown}
 r - 2 potions of degeneration {unknown}


   Skills:
 * Level 2.8 Fighting
 * Level 3.5 Short Blades
 - Level 2.1 Throwing
 + Level 1.2 Dodging
 * Level 7.5 Stealth


You had 4 spell levels left.
You didn't know any spells.
Your spell library contained the following spells:

 Spells                   Type           Power      Damage    Failure   Level
 Freezing Cloud           Conj/Ice/Air   0%         6-21      100%        5
 Simulacrum               Ice/Necr       0%         N/A       100%        6
 Polar Vortex             Ice            0%         N/A       100%        9


Dungeon Overview and Level Annotations

Branches:
Dungeon (3/15)

Altars:

Shops:
D:3 [?:

Annotations:
D:6 Edmund


Innate Abilities, Weirdness & Mutations

You are small and have problems with some larger weapons.
You are completely attuned to the shadows.


Message History

You kill the endoplasm!
HP restored.
There is an open door here.
A kobold comes into view.
It is wielding a +0 dagger and quivering poisoned darts.
The kobold throws a poisoned dart.
The poisoned dart barely misses you.
A sourceless malevolence fills the Dungeon...
You are sucked into a shaft and drop 3 floors!
The shaft crumbles and collapses.
A scorpion comes into view.
The helpless scorpion fails to defend itself.
You skewer the scorpion like a kebab!!!
You kill the scorpion!
Your Stealth skill increases to level 7!
You have reached level 4!
You have reached level 5!
You feel clever.
r - 2 fizzy golden potions (gained 1)
Found 11 stones.
You see here 11 stones.
g - 3 scrolls labelled OCUCSE ANIKU (gained 1) Edmund the Younger comes into view.
He is wielding a +3 dire flail of protection and carrying a wand of flame (18).
Found a scroll labelled KAJU LISTUI and a scroll labelled BUVVOO COLLIL.
The helpless Edmund fails to defend himself.
You spit Edmund like a pig!!!
Edmund is severely wounded.
Edmund hits you with a +3 dire flail of protection!
You hit Edmund but do no damage.
Edmund is severely wounded.
Edmund closely misses you.
Unknown command.
You closely miss Edmund.
Edmund is severely wounded.
Edmund hits you with a +3 dire flail of protection!
You hit Edmund.
Edmund is severely wounded.
Edmund zaps a wand.
The puff of flame hits you.
You hit Edmund.
Edmund is almost dead.
Edmund zaps a wand.
The puff of flame hits you!
You die...

#.# #.# #..
#.#####..?
#.#.##...#
#..#.#...#
##.###...## .
##.##
##...##.. #.##
##...... ##.##
##@...#
#####.##
#?@..#
#......#.
......
#.###.#.#
...##.. #.#
#.#.##.^.# #.
#.# #...## #.#
#....#...##...
#.#
#.##.##......#
#.# #.##.#
#....#


You could see Edmund.

Vanquished Creatures
  A scorpion (D:6)
  An adder (D:2)
  2 orcs
  5 bats
  An endoplasm (D:3)
  4 giant cockroaches
  3 goblins (D:1)
  A hobgoblin (D:3)
  2 quokkas
  3 ball pythons
  2 frilled lizards (D:2)
  2 kobolds (D:1)
  3 rats (D:2)
30 creatures vanquished.

Vanquished Creatures (others)
  2 withered plants (D:3)
2 creatures vanquished.

Grand Total: 32 creatures vanquished

Notes
Turn   | Place    | Note
-------+----------+-------------------------------------------
     0 | D:1      | acebull12 the Kobold Brigand began the quest for the Orb.
     0 | D:1      | Reached XP level 1. HP: 12/12 MP: 1/1
   197 | D:1      | Reached XP level 2. HP: 18/18 MP: 2/2
   460 | D:1      | Reached skill level 6 in Stealth
  1255 | D:2      | Reached XP level 3. HP: 22/22 MP: 3/3
  1760 | D:3      | Found Quuracs's Book Shop.
  1826 | D:3      | Found a faded altar of an unknown god.
  1988 | D:3      | Found Woigiar's Armour Emporium.
  2059 | D:3      | Found Yzos's Magic Scroll Boutique.
  2623 | D:3      | You are sucked into a shaft and drop 3 floors!
  2624 | D:6      | Noticed a scorpion
  2628 | D:6      | Killed a scorpion
  2629 | D:6      | Reached skill level 7 in Stealth
  2629 | D:6      | Reached XP level 4. HP: 27/27 MP: 4/4
  2629 | D:6      | Reached XP level 5. HP: 32/32 MP: 5/5
  2688 | D:6      | Noticed Edmund
  2696 | D:6      | Killed from afar by Edmund

Illustrated notes

Levels and vault maps discovered:
D:1:      dpeg_arrival_windows_large_door, layout_rooms, minmay_crystal_water
D:2:      layout_basic, minmay_split_cup_large
D:3:      minmay_chambers_of_threes, layout_basic,
          ebering_ecumenical_altar_petrified, serial_shops, shop,
          nicolae_shop_crystal, shop, nicolae_shop_hallway_stairs,
          serial_co_window_serial, co_window_paths_a, co_window_corner_a,
          co_window_paths_b, co_window_paths_a, co_window_corner_a,
          co_window_corner_a, co_window_paths_b, co_window_corner_b,
          co_window_cross_4, co_window_of_opportunity_b, co_window_sun,
          glass_columns_a, glass_columns_c, glass_columns_a, glass_columns_a
D:6:      wad_guarded_room, layout_loops_ring,
          nicolae_overflow_quartered_altars, uniq_eustachio, uniq_edmund

Skill      XL: |  1  2  3 |
---------------+----------+-----
Stealth        | 6 7 |  7.5
Short Blades   | 3 |  3.5
Fighting       | |  2.8
Throwing       | |  2.1
Dodging        | |  1.2

Action                   |  1- 3 |  4- 6 || total
-------------------------+-------+-------++-------
Melee: Dagger            |    45 |     5 ||    50
 Stab: Sleeping          |    20 |     1 ||    21
Armor: Robe              |    13 |       ||    13
Dodge: Dodged            |    37 |     1 ||    38

Table legend: (Time is in decaauts)
 A = Elapsed time spent in this place.
 B = Non-inter-level travel time spent in this place.
 C = Inter-level travel time spent in this place.
 D = Time resting spent in this place.
 E = Time spent auto-exploring this place.
 F = Levels seen in this place.
 G = Mean time per level.
                   A        B        C        D        E       F      G
               +--------+--------+--------+--------+--------+-----+--------+
         Total |   2697 |   2421 |    276 |    231 |   1925 |   4 |  674.2 |
       Dungeon |   2697 |   2421 |    276 |    231 |   1925 |   4 |  674.2 |
               +--------+--------+--------+--------+--------+-----+--------+

Top non-repeatable levels by time:
     D:2: 1400 daAuts
     D:1: 687 daAuts
     D:3: 537 daAuts
     D:6: 72 daAuts
